 Dungeon Crawl Stone Soup version 0.29.1-2-gbd0b4ee654 (webtiles) character file.

Game seed: 9250688555712393179

15330 zeram the Spear-Bearer (level 12, 0/76 HPs)
             Began as a Gargoyle Fighter on Nov 22, 2022.
             Was an Initiate of Gozag.
             Slain by a komodo dragon (13 damage)
             ... on level 12 of the Dungeon.
             The game lasted 00:27:24 (12889 turns).

zeram the Spear-Bearer (Gargoyle Fighter)          Turns: 12889, Time: 00:27:25

Health: 0/76       AC: 22    Str: 22    XL:     12   Next: 25%
Magic:  12/12      EV: 15    Int: 12    God:    Gozag
Gold:   2493       SH:  6    Dex:  9    Spells: 11/11 levels left

rFire   . . .      SeeInvis .   K - +9 short sword of True Grit {holy, Will++}
rCold   . . .      Faith    .   c - +1 buckler
rNeg    + . .      Spirit   .   b - +0 scale mail
rPois   ∞          Reflect  .   (no helmet)
rElec   +          Harm     .   C - +1 cloak
rCorr   .          Rampage  .   B - +1 pair of gloves
Will    ++...                   (no boots)
Stlth   ..........              (no amulet)
HPRegen 0.22/turn               u - +4 ring of evasion
MPRegen 0.13/turn               E - +4 ring of slaying

@: no status effects
A: sickness immunity, AC +8, negative energy resistance 1, electricity
resistance, torment resistance 1, petrification resistance
a: Renounce Religion, Potion Petition, Call Merchant, Bribe Branch


You were on level 12 of the Dungeon.
You worshipped Gozag.
Gozag was most pleased with you.
You visited 1 branch of the dungeon, and saw 12 of its levels.
You also visited: Gauntlet.

You collected 2950 gold pieces.
You paid 457 gold pieces to Gozag.

Inventory:

Hand Weapons
 a - a +0 flail
 d - a +2 whip of venom
 n - the +6 spear of the Bouncing Wars {freeze, rF+ rC+ MP-9 Int+3}
   (You found it on level 2 of the Dungeon)

   It freezes those it strikes, dealing additional cold damage.
   It can also slow down cold-blooded creatures.
   Int:       It affects your intelligence (+3).
   rF:        It protects you from fire.
   rC:        It protects you from cold.
   MP:        It affects your magic capacity (-9).
 K - the +9 short sword of True Grit (weapon) {holy, Will++}
   (You found it in a Gauntlet)

   It has been blessed by the Shining One to cause great damage to the undead
   and demons.
   Will:      It greatly increases your willpower.
Missiles
 G - a throwing net (quivered)
Armour
 b - a +0 scale mail (worn)
 c - a +1 buckler (worn)
 B - a +1 pair of gloves (worn)
 C - a +1 cloak (worn)
 L - the +1 robe of Vlad {Regen+ Str+2 Slay+3}
   (You found it in a Gauntlet)

   Str:       It affects your strength (+2).
   Slay:      It affects your accuracy & damage with ranged weapons and melee
   (+3).
   Regen:     It increases your rate of health regeneration.
Jewellery
 i - a +6 ring of intelligence
 j - a ring of protection from fire
 s - a ring of protection from cold
 u - a +4 ring of evasion (left hand)
 z - a ring of ice
 E - a +4 ring of slaying (right hand)
 F - a ring of protection from cold
 J - a ring of ice
Wands
 p - a wand of roots (29)
 y - a wand of polymorph (6)
Scrolls
 e - a scroll of fear
 h - a scroll of magic mapping
 k - a scroll of poison
 r - 4 scrolls of teleportation
 t - 3 scrolls of amnesia
 x - a scroll of summoning
 A - a scroll of brand weapon {unknown}
 H - 3 scrolls of silence
Potions
 f - 6 potions of mutation
 g - 3 potions of degeneration
 l - 4 potions of attraction
 m - 4 potions of haste
 o - 2 potions of brilliance
 q - a potion of curing
 v - 2 potions of cancellation
 w - 3 potions of flight
 D - a potion of invisibility {unknown}
 I - a potion of ambrosia


   Skills:
 + Level 9.2 Fighting
 + Level 4.2 Maces & Flails
 + Level 11.6 Polearms
 + Level 10.0 Armour
 + Level 4.5 Dodging
 + Level 8.0 Shields
 + Level 0.8 Evocations


You had 11 spell levels left.
You didn't know any spells.
Your spell library contained the following spells:

 Spells                   Type           Power      Damage    Failure   Level
 Apportation              Tloc           0%         N/A       67%         1
 Freeze                   Ice            0%         1d3       67%         1
 Necrotise                Necr           0%         1d4       67%         1
 Summon Small Mammal      Summ           0%         N/A       67%         1
 Passwall                 Tmut/Erth      0%         N/A       80%         2
 Ignite Poison            Fire/Tmut/Pois 0%         N/A       95%         3
 Mephitic Cloud           Conj/Pois/Air  0%         N/A       95%         3
 Vampiric Draining        Necr           0%         2d6       95%         3
 Summon Ice Beast         Ice/Summ       0%         N/A       100%        4
 Agony                    Necr           0%         N/A       100%        5
 Freezing Cloud           Conj/Ice/Air   0%         6-21      100%        5
 Dragon Form              Tmut           0%         N/A       100%        7


Dungeon Overview and Level Annotations

Branches:
Dungeon (12/15)            Temple (0/1) D:5            Lair (0/5) D:9
    Orc (0/2) D:12        Gauntlet (visited)

Altars:
Cheibriados
Dithmenos
Fedhas
Gozag
Okawaru
Ru
Trog
Uskayaw
Yredelemnul
Zin

Shops:
D:1 :   D:4 (   D:8 *   D:10 =(   D:12 [

Annotations:
D:1 2 transporters


Innate Abilities, Weirdness & Mutations

You are immune to sickness and miasma.
Your stone body is resilient. (AC +8)
You are immune to poison.
You resist negative energy. (rN+)
You are resistant to electric shocks. (rElec)
You are resistant to unholy torment.
You are immune to petrification.


Message History

The boulder beetle completely misses you.
You hit the boulder beetle but do no damage.
The boulder beetle is lightly wounded.
The boulder beetle leaps!
The boulder beetle curls into a ball and begins rolling!
The boulder beetle hits you!!
The boulder beetle stops rolling and uncurls.
The boulder beetle leaps!
The boulder beetle curls into a ball and begins rolling!
The boulder beetle hits you!!
* * * LOW HITPOINT WARNING * * *
The boulder beetle stops rolling and uncurls.
The boulder beetle barely misses you.
Okay, then.
You feel better. You block the boulder beetle's attack.
You feel better. The boulder beetle bites you.
You hit the boulder beetle but do no damage.
The boulder beetle bites you but does no damage.
You hit the boulder beetle but do no damage.
You block the boulder beetle's attack.
You puncture the boulder beetle!
The boulder beetle is lightly wounded.
The boulder beetle bites you!!
* * * LOW HITPOINT WARNING * * *
You hit the boulder beetle but do no damage.
The boulder beetle is lightly wounded.
The boulder beetle closely misses you.
As you read the scroll of fear, it crumbles to dust.
You assume a fearsome visage.
The boulder beetle looks frightened!
The boulder beetle leaps!
Found Joejycew's Armour Shoppe.
You see here a scroll of magic mapping.
A komodo dragon comes into view.
The komodo dragon hisses angrily.
You feel better.
The komodo dragon bites you but does no damage.
The boulder beetle curls into a ball and begins rolling!
You barely miss the komodo dragon. The komodo dragon bites you!
You die...
Your body crumbles into a pile of gold.

*,,* *,,* *,,* **,,* *,,* *,,,*
#,,* *,,,* #.,* *,,,* #..###*
*...** #..≈≈≈#* ******#...,*
*#.≈≈~~~###,,,.#.....*
***..≈≈∩.l@.#*##.......#
*******,,..≈≈~≈~#.##.........# **
,,,,,,,,....≈≈≈#....##.......#**,
,,>,,,,,....#######?#.........**,
,,,,,,,,....,* #..............**,
,,,,,,,,.<..####.##...........,,,
,,,,,,**#.......####....(.....,,*
,,,,,** #.#......##....B...^..,,,
,,,,** *#.....#..............,,,


You could see a boulder beetle (rolling) and a komodo dragon.

Vanquished Creatures
  A minotaur (Gauntlet)
  Snorg (D:10)
  Josephine (D:10)
  A hydra (D:11)
  3 two-headed ogres
  A necromancer (Gauntlet)
  An ugly thing (D:11)
  A manticore (D:11)
  Maurice (D:10)
  The ghost of Rudyous the Trooper, a novice MiFi (D:6)
  Psyche (D:11)
  An ice devil (Gauntlet)
  Grinder (D:3)
  3 hornets
  2 wyverns
  3 yaks (D:10)
  6 wraiths
  A basilisk (D:12)
  2 steam dragons (D:8)
  4 water moccasins
  2 sky beasts (D:8)
  8 black bears
  2 centaurs
  4 ogres
  4 wolves (Gauntlet)
  12 kobold brigands
  7 bullfrogs
  A gnoll sergeant (D:7)
  2 scorpions
  2 necrophages (D:6)
  5 wights (D:7)
  13 killer bees
  3 jellies
  8 orc priests
  5 hounds
  Ijyb (D:4)
  Natasha (thrice) (D:3)
  2 iguanas
  6 orc wizards
  8 gnolls
  11 adders
  A shadow imp (D:5)
  5 white imps
  An ufetubus (D:5)
  2 dart slugs
  36 orcs
  10 ball pythons
  5 bats
  6 endoplasms
  2 giant cockroaches (D:1)
  5 hobgoblins
  20 kobolds
  4 quokkas
  6 goblins
  7 rats
255 creatures vanquished.

Vanquished Creatures (collateral kills)
  2 kobold brigands (D:6)
2 creatures vanquished.

Vanquished Creatures (others)
  11 fungi
  12 plants (D:9)
23 creatures vanquished.

Grand Total: 280 creatures vanquished

Notes
Turn   | Place    | Note
-------+----------+-------------------------------------------
     0 | D:1      | zeram the Gargoyle Fighter began the quest for the Orb.
     0 | D:1      | Reached XP level 1. HP: 14/14 MP: 1/1
    26 | D:1      | Found Vamus's Book Shoppe.
   130 | D:1      | Reached XP level 2. HP: 15/19 MP: 2/2
   515 | D:1      | Found a faded altar of an unknown god.
   523 | D:1      | Reached XP level 3. HP: 21/24 MP: 3/3
   987 | D:2      | Found an opulent altar of Gozag.
  1019 | D:2      | Became a worshipper of Gozag Ym Sagoz the Greedy
  1056 | D:2      | Identified the +6 spear of the Bouncing Wars {freeze, rF+
                  | rC+ MP-9 Int+3}
  1182 | D:2      | Reached XP level 4. HP: 29/29 MP: 0/4
  1482 | D:3      | Noticed Natasha
  1489 | D:3      | Found a blossoming altar of Fedhas.
  1502 | D:3      | Killed Natasha
  1503 | D:3      | Reached XP level 5. HP: 14/33 MP: 0/5
  1504 | D:3      | Noticed Natasha
  1510 | D:3      | Killed Natasha
  1772 | D:3      | Found an opulent altar of Gozag.
  2267 | D:3      | Noticed Natasha
  2273 | D:3      | Killed Natasha
  2274 | D:3      | Reached skill level 1 in Dodging
  2442 | D:3      | Noticed Grinder
  2448 | D:3      | Paralysed by Grinder for 3 turns
  2451 | D:3      | Killed Grinder
  2452 | D:3      | Reached skill level 1 in Polearms
  2452 | D:3      | Reached XP level 6. HP: 26/39 MP: 0/6
  2710 | D:4      | Reached XP level 7. HP: 41/44 MP: 0/7
  2778 | D:4      | Reached skill level 2 in Polearms
  2778 | D:4      | Reached skill level 5 in Armour
  2920 | D:4      | Found a snail-covered altar of Cheibriados.
  2951 | D:4      | Found a shadowy altar of Dithmenos.
  2997 | D:4      | Noticed Ijyb
  3030 | D:4      | Killed Ijyb
  3331 | D:4      | Found a sacrificial altar of Ru.
  3331 | D:4      | Found a basalt altar of Yredelemnul.
  3443 | D:4      | Found Bexy's Antique Weapon Shop.
  3583 | D:5      | Entered Level 5 of the Dungeon
  3600 | D:5      | Reached skill level 5 in Fighting
  4185 | D:5      | Found a staircase to the Ecumenical Temple.
  4279 | D:5      | Reached skill level 3 in Polearms
  4301 | D:5      | Reached XP level 8. HP: 26/49 MP: 0/8
  4855 | D:5      | Reached skill level 4 in Polearms
  5170 | D:6      | Found an iron altar of Okawaru.
  5189 | D:6      | HP: 1/50 [ogre/+0 giant club (21)]
  5519 | D:6      | Reached skill level 5 in Polearms
  5616 | D:6      | Reached skill level 5 in Shields
  5688 | D:6      | Found a runed translucent gate.
  5690 | D:6      | Noticed Rudyous's ghost (novice MiFi)
  5693 | D:6      | Found a runed translucent gate.
  5693 | D:6      | Found a runed translucent gate.
  5731 | D:6      | Reached XP level 9. HP: 34/55 MP: 0/9
  6163 | D:6      | Reached skill level 6 in Polearms
  6195 | D:6      | Killed Rudyous's ghost
  6196 | D:6      | Reached skill level 7 in Polearms
  6523 | D:7      | Reached XP level 10. HP: 31/63 MP: 1/10
  7091 | D:7      | Reached skill level 8 in Polearms
  7899 | D:8      | Found Hatt's Changing Room.
  8486 | D:9      | Reached skill level 9 in Polearms
  8552 | D:9      | Found a staircase to the Lair.
  8572 | D:9      | Noticed a two-headed ogre
  8588 | D:9      | Killed a two-headed ogre
  8741 | D:9      | Found a bloodstained altar of Trog.
  8912 | D:9      | Identified the +0 robe of Umecye {Str+2}
  8984 | D:9      | Reached XP level 11. HP: 67/67 MP: 2/11
  9202 | D:9      | Reached skill level 10 in Polearms
  9350 | D:9      | Found a glowing silver altar of Zin.
  9490 | D:10     | Entered Level 10 of the Dungeon
  9508 | D:10     | Found Zodan's Jewellery Emporium.
  9574 | D:10     | Noticed Josephine
  9844 | D:10     | Killed Josephine
  9980 | D:10     | Got the Tome of Gelid Shapes
 10202 | D:10     | Noticed a two-headed ogre
 10203 | D:10     | Noticed Snorg
 10209 | D:10     | Killed a two-headed ogre
 10224 | D:10     | Killed Snorg
 10423 | D:10     | Noticed Maurice
 10887 | D:10     | Found a hide-covered altar of Uskayaw.
 10942 | D:10     | Killed Maurice
 11059 | D:10     | Identified a scroll of acquirement
 11059 | D:10     | Acquired 498 gold pieces
 11127 | D:11     | Noticed a five-headed hydra
 11133 | D:11     | Killed a five-headed hydra
 11134 | D:11     | Reached skill level 11 in Polearms
 11417 | D:11     | Noticed a red ugly thing
 11421 | D:11     | Noticed a manticore
 11428 | D:11     | Killed a red ugly thing
 11433 | D:11     | Killed a manticore
 11710 | D:11     | Noticed a two-headed ogre
 11717 | D:11     | Noticed Psyche
 11719 | D:11     | Killed a two-headed ogre
 11720 | D:11     | Reached XP level 12. HP: 49/76 MP: 3/12
 11728 | D:11     | Killed Psyche
 12063 | D:11     | You fall into a shaft and drop 1 floor!
 12063 | D:12     | Found a gate leading to a gauntlet.
 12071 | Gauntlet | Entered a Gauntlet
 12071 | Gauntlet | Found a transporter.
 12077 | Gauntlet | Found a transporter.
 12081 | Gauntlet | Found a transporter.
 12089 | Gauntlet | Found a transporter.
 12094 | Gauntlet | Found a transporter.
 12095 | Gauntlet | Noticed a hell beast
 12101 | Gauntlet | Found a transporter.
 12105 | Gauntlet | Found a transporter.
 12113 | Gauntlet | Found a transporter.
 12117 | Gauntlet | Found a transporter.
 12117 | Gauntlet | Noticed a cacodemon
 12125 | Gauntlet | Found a transporter.
 12150 | Gauntlet | Found a transporter.
 12162 | Gauntlet | Found a transporter.
 12174 | Gauntlet | Found a transporter.
 12186 | Gauntlet | Found a transporter.
 12625 | Gauntlet | Noticed a minotaur
 12643 | Gauntlet | Killed a minotaur
 12644 | Gauntlet | Reached skill level 10 in Armour
 12649 | Gauntlet | Identified the +1 robe of Vlad {Regen+ Str+2 Slay+3}
 12649 | Gauntlet | Identified the +9 short sword of True Grit {holy, Will++}
 12851 | D:12     | Noticed a boulder beetle
 12884 | D:12     | Found Joejycew's Armour Shoppe.
 12889 | D:12     | Slain by a komodo dragon

Illustrated notes

Levels and vault maps discovered:
D:1:      spicycebolla_arrival_transporter_tutorial, layout_loops_ring,
          serial_shops, shop, shapermc_ecumenical_altar_venn, item_on_display_a
D:2:      layout_rooms, basic_altar
D:3:      minmay_general_purpose_star, layout_loops_ring,
          nicolae_gozag_seed_capital, mainiacjoe_overflow_small_starburst,
          chequers_decorated_corner, uniq_grinder, uniq_natasha
D:4:      layout_cave_pools, mainiacjoe_overflow_two_lobes,
          amethyst_overflow_temple_binary, serial_shops, nicolae_lakefront_shop,
          uniq_ijyb
D:5:      nicolae_cairo_tiling_large, layout_basic,
          minmay_temple_entry_drinking_statues
D:6:      layout_cave_pools, mainiacjoe_overflow_catwalk,
          gammafunk_ghost_nasty_kobolds
D:7:      layout_loops_cross
D:8:      layout_cave_pods, nicolae_transmutations_shop
D:9:      layout_basic, zin_scriptorium, trog_ov_bears_minmay,
          due_lair_maze_entry_diamond
D:10:     layout_roguey, mainiacjoe_overflow_alcove_1, serial_shops,
          nicolae_shop_hallway_plus, st_stairs_12, dk_noncrumbling_2,
          hive_lemuel, uniq_maurice, uniq_josephine, uniq_snorg
D:11:     layout_long_grid, uniq_psyche
D:12:     layout_layer_cave, orc_0_dummy, serial_shops, nicolae_shop_waterfront,
          portal_ice_cave_entry_ice_simulacra, gauntlet_entry_generic,
          minmay_misc_feat_x

Skill      XL: |  1  2  3  4  5  6  7  8  9 10 11 12 |
---------------+-------------------------------------+-----
Fighting       | 4 5 6 7 9 |  9.2
Maces & Flails | 3 4 |  4.2
Armour         | 4 5 6 7 8 9 10 | 10.0
Dodging        | 1 2 3 4 |  4.5
Polearms       | 1 3 5 7 9 11 | 11.6
Shields        | 4 5 6 7 8 |  8.0
Evocations     | |  0.8

Action                   |  1- 3 |  4- 6 |  7- 9 | 10-12 || total
-------------------------+-------+-------+-------+-------++-------
Melee: Flail             |    86 |       |       |       ||    86
       Spear             |     7 |    77 |   309 |   590 ||   983
       Short sword       |       |       |       |    18 ||    18
Invok: Call Merchant     |       |       |       |     1 ||     1
Evoke: Wand              |       |       |     1 |     3 ||     4
  Use: Scroll            |     1 |    12 |     8 |    11 ||    32
       Potion            |       |     1 |     2 |     7 ||    10
 Stab: Distracted        |       |       |     1 |     2 ||     3
Armor: Scale mail        |    49 |    21 |   134 |   165 ||   369
Dodge: Dodged            |    42 |    28 |   145 |   232 ||   447
Block: Buckler           |    19 |    14 |    48 |   125 ||   206
